 Dungeon Crawl Stone Soup version 0.19.0-18-g426998a (webtiles) character file.

397 Dickchan the Frost Mage (level 6, -7/41 HPs)
             Began as a Merfolk Ice Elementalist on Nov 12, 2016.
             Mangled by an ogre
             ... wielding a +0 giant club
              (14 damage)
             ... on level 5 of the Dungeon.
             The game lasted 00:08:04 (3691 turns).

Dickchan the Frost Mage (Merfolk Ice Elementalist)  Turns: 3691, Time: 00:08:05

Health: -7/41      AC: 11    Str:  9    XL:     6   Next: 83%
Magic:  5/9        EV: 11    Int: 16    God:
Gold:   227        SH:  0    Dex: 14    Spells: 1 memorised, 8 levels left

rFire  . . .     SeeInvis .     e - +0 spear
rCold  . . .     Gourm    .     q - +3 ring mail
rNeg   . . .     Faith    .     (no shield)
rPois  .         Spirit   .     (no helmet)
rElec  .         Reflect  .     (no cloak)
rCorr  .         Harm     .     p - +1 pair of gloves
MR     .....     Rnd*Tele +     f - +0 pair of boots
Stlth  +.........               (no amulet)
                                t - +2 ring of slaying
                                j - ring of teleportation (curse)

@: no status effects
A: change form in water, swift swim, stealthy swim
a: no special abilities


You were on level 5 of the Dungeon.
You were not hungry.

You visited 1 branch of the dungeon, and saw 5 of its levels.

You collected 227 gold pieces.

Inventory:

Hand Weapons
 e - a +0 spear (weapon)
Missiles
 y - 92 stones (quivered)
Armour
 a - a +0 robe
 f - a +0 pair of boots (worn)
 p - a +1 pair of gloves (worn)
 q - a +3 ring mail (worn)
Jewellery
 j - a cursed ring of teleportation (left hand)
 t - a +2 ring of slaying (right hand)
Wands
 x - a wand of iceblast (8/15)
Scrolls
 g - 4 scrolls of identify {unknown}
 i - 4 scrolls of remove curse {unknown}
 o - 2 scrolls of immolation {unknown}
 r - 2 scrolls of magic mapping {unknown}
 s - 2 scrolls of recharging {unknown}
 v - a scroll of teleportation {unknown}
 w - a scroll of random uselessness {unknown}
 A - a scroll of enchant armour {unknown}
Potions
 d - 2 potions of curing {unknown}
 k - 4 potions of flight {unknown}
 m - 3 potions of heal wounds {unknown}
 n - 2 potions of resistance {unknown}
 u - a potion of berserk rage {unknown}
 z - a potion of brilliance {unknown}
 B - a potion of mutation {unknown}
 C - a potion of magic {unknown}
 E - 2 potions of degeneration {unknown}
Books
 b - a book of Frost

   Spells                             Type                      Level
   a - Freeze                         Ice                          1
   b - Throw Frost                    Conjuration/Ice              2
   c - Ozocubu's Armour               Charms/Ice                   3
   d - Throw Icicle                   Conjuration/Ice              4
   e - Summon Ice Beast               Ice/Summoning                4
Comestibles
 c - 2 bread rations
 h - 4 meat rations
 l - 3 beef jerkies
 D - 2 chunks of flesh


   Skills:
 - Level 2.6 Dodging
 - Level 2.1 Stealth
 - Level 2.0 Spellcasting
   Level 0.7 Conjurations
 + Level 8.2 Ice Magic


You had 8 spell levels left.
You knew the following spells:

 Your Spells              Type           Power        Failure   Level  Hunger
a - Freeze                Ice            ####         1%          1    #......


Dungeon Overview and Level Annotations

Branches:
Dungeon (5/15)
 Temple: D:4-7

Altars:
Ru

Annotations:
D:3 1 runed door, Dickchan's ghost, amateur MfIE


Message History

Aim: an ogre, wielding a giant club (lightly wounded)
You freeze the ogre.
The ogre is moderately wounded.
Casting: Freeze
Confirm with . or Enter, or press ? or * to list all spells.
Aiming: Freeze
Press: ? - help, Shift-Dir - straight line, f/p - ogre
Aim: an ogre, wielding a giant club (moderately wounded)
You freeze the ogre.
The ogre is severely wounded.
The ogre barely misses you.
Casting: Freeze
Confirm with . or Enter, or press ? or * to list all spells.
Aiming: Freeze
Press: ? - help, Shift-Dir - straight line, f/p - ogre
Aim: an ogre, wielding a giant club (severely wounded)
You freeze the ogre.
The ogre is almost dead.
The ogre hits you with a giant club!
You die...

.....#.#
...#.#.#######
#............#
).........##.#
..........##.#
..........##.#
..........##.#
..........##.######
..........##...O@<#
..........#########
..........#
..........#
###########


You could see an ogre.

Vanquished Creatures
  An ogre (D:5)
  A centaur skeleton (D:4)
  An orc priest (D:4)
  2 orc wizards
  2 worker ants
  A hound skeleton (D:4)
  4 adders
  An ooze (D:4)
  2 worms
  A leopard gecko (D:2)
  17 orcs
  3 ball pythons
  7 giant cockroaches
  6 goblins
  7 hobgoblins
  4 jackals (D:4)
  2 quokkas
  8 bats
  3 frilled lizards
  6 kobolds
  10 rats
89 creatures vanquished.

Notes
Turn   | Place    | Note
-------+----------+-------------------------------------------
     0 | D:1      | Dickchan the Merfolk Ice Elementalist began the quest for the Orb.
     0 | D:1      | Reached XP level 1. HP: 13/13 MP: 3/3
   111 | D:1      | Reached XP level 2. HP: 18/19 MP: 3/5
   173 | D:1      | Reached skill level 4 in Ice Magic
   845 | D:2      | Reached XP level 3. HP: 24/24 MP: 4/6
  1396 | D:2      | Reached skill level 5 in Ice Magic
  1602 | D:3      | Reached XP level 4. HP: 20/30 MP: 3/7
  1623 | D:3      | Noticed Dickchan's ghost (amateur MfIE)
  1940 | D:3      | Found a runed door.
  2110 | D:2      | Reached skill level 6 in Ice Magic
  2110 | D:2      | Reached XP level 5. HP: 2/35 MP: 3/8
  2601 | D:3      | Found a sacrificial altar of Ru.
  3135 | D:4      | Reached skill level 7 in Ice Magic
  3301 | D:4      | Reached XP level 6. HP: 41/41 MP: 9/9
  3544 | D:5      | Entered Level 5 of the Dungeon
  3604 | D:5      | Reached skill level 8 in Ice Magic
  3691 | D:5      | Mangled by an ogre

Skill      XL: |  1  2  3  4  5  6 |
---------------+-------------------+-----
Ice Magic      | 4 5 6 7 8 |  8.2
Dodging        | |  2.6
Stealth        | |  2.1
Spellcasting   | |  2.0
Conjurations   | |  0.7

Action                   |  1- 3 |  4- 6 || total
-------------------------+-------+-------++-------
Melee: Spear             |    81 |   125 ||   206
       Unarmed           |     2 |       ||     2
       Tailslap          |       |     1 ||     1
 Cast: Freeze            |    32 |    57 ||    89
 Stab: Sleeping          |    12 |     1 ||    13
  Eat: Chunk             |     2 |     9 ||    11
Armor: Robe              |    13 |       ||    13
       Ring mail         |     2 |    62 ||    64
Dodge: Dodged            |    59 |    65 ||   124
